 Dungeon Crawl Stone Soup version 0.28.0-1-gb440e238dd (webtiles) character file.

Game seed: 7134700266489040035

205 zeram the Covered (level 5, -1/36 HPs)
             Began as a Gargoyle Fighter on Feb 21, 2022.
             Slain by Crazy Yiuf (5 damage)
             ... on level 2 of the Dungeon.
             The game lasted 00:01:55 (2457 turns).

zeram the Covered (Gargoyle Fighter)                Turns: 2457, Time: 00:01:56

Health: -1/36      AC: 12    Str: 19    XL:     5   Next: 83%
Magic:  5/5        EV:  9    Int:  9    God:
Gold:   107        SH:  4    Dex:  9    Spells: 4/4 levels left

rFire   . . .      SeeInvis .   a - +0 flail
rCold   . . .      Faith    .   c - +0 buckler
rNeg    + . .      Spirit   .   b - +0 scale mail
rPois   ∞          Reflect  .   i - +0 helmet
rElec   +          Harm     .   (no cloak)
rCorr   .          Rampage  .   (no gloves)
Will    ++...                   (no boots)
Stlth   ..........              f - amulet of magic regeneration
HPRegen 0.12/turn               n - ring of willpower
MPRegen 0.49/turn               (no ring)

@: invisible
A: sickness immunity, AC +4, negative energy resistance 1, electricity
resistance, torment resistance 1, petrification resistance, strong-willed 1,
robust 1, weak 1
a: no special abilities


You were on level 2 of the Dungeon.
You visited 1 branch of the dungeon, and saw 2 of its levels.

You collected 107 gold pieces.

Inventory:

Hand Weapons
 a - a +0 flail (weapon)
Missiles
 h - 9 poisoned darts (quivered)
Armour
 b - a +0 scale mail (worn)
 c - a +0 buckler (worn)
 i - a +0 helmet (worn)
Jewellery
 f - an amulet of magic regeneration (around neck)
 n - a ring of willpower (left hand)
Wands
 m - a wand of polymorph (10)
Scrolls
 g - a scroll of amnesia {unknown}
 j - a scroll of teleportation
Potions
 d - a potion of brilliance


   Skills:
 + Level 4.1 Fighting
 + Level 4.2 Maces & Flails
 + Level 4.3 Armour
 + Level 0.1 Dodging
 + Level 3.8 Shields


You had 4 spell levels left.
You didn't know any spells.
Your spell library was empty.

Dungeon Overview and Level Annotations

Branches:
Dungeon (2/15)

Altars:

Annotations:
D:2 Crazy Yiuf


Innate Abilities, Weirdness & Mutations

You are immune to sickness and miasma.
Your stone body is resilient. (AC +4)
You are immune to poison.
You resist negative energy. (rN+)
You are resistant to electric shocks. (rElec)
You are resistant to unholy torment.
You are immune to petrification.
You are strong-willed. (Will+)
You are robust. (+10% HP)
You are weak. (Str -2)


Message History

There is a stone staircase leading down here.
There is a stone staircase leading up here.
Key pressed, stopping explore.
Crazy Yiuf shouts!
Could not explore, unopened runed door.
No reachable target in view!
No reachable target in view!
No reachable target in view!
It was a potion of mutation.
You feel extremely strange.
You feel weaker.
You feel robust.
You feel strong-willed. As you open the door, it creaks loudly!
Crazy Yiuf grits, "Announcement!"
You hit Crazy Yiuf.
Crazy Yiuf is lightly wounded.
Crazy Yiuf whimpers, "Island!"
Crazy Yiuf hits you with a +3 quarterstaff of chaos!
You fade into invisibility!
You hit Crazy Yiuf but do no damage.
Crazy Yiuf is lightly wounded.
Crazy Yiuf barely misses you.
Crazy Yiuf hits you with a +3 quarterstaff of chaos!
Crazy Yiuf freezes you.
You barely miss Crazy Yiuf.
Crazy Yiuf is lightly wounded.
You block Crazy Yiuf's attack.
You sock Crazy Yiuf!
Crazy Yiuf is heavily wounded.
Crazy Yiuf barely misses you.
You barely miss Crazy Yiuf.
Crazy Yiuf is heavily wounded.
Crazy Yiuf twirls on the spot.
Crazy Yiuf hits you with a +3 quarterstaff of chaos.
* * * LOW HITPOINT WARNING * * *
Crazy Yiuf burns you.
* * * LOW HITPOINT WARNING * * *
You feel better.
Crazy Yiuf hits you with a +3 quarterstaff of chaos!
* * * LOW HITPOINT WARNING * * *
Crazy Yiuf burns you.
You die...

####.### #....#
#.# #....# #.#
♣....♣ #.# ♣...♣♣
#.# ♣♣.♣♣ #.#
♣.♣♣ #.# ♣♣.♣ #.#
♣.♣♣ ### #.# ♣♣@♣
#.###.# #g# ###
.<.##.# #### ...
##.## ......#
#..# #...#
##.#.## #.##..#
#.## #..)#
##.###.## #.....#
#.# #####
#....##.#
####.####.#
##.#.#.##
####....#.#######
##...##
.............##.#
##.##


You could see Crazy Yiuf.

Vanquished Creatures
  A phantom (D:2)
  Jessica (D:2)
  Natasha (twice) (D:2)
  3 adders (D:2)
  An orc (D:2)
  A ball python (D:1)
  5 endoplasms
  A giant cockroach (D:1)
  3 goblins
  3 hobgoblins
  2 jackals (D:1)
  A quokka (D:2)
  2 bats
  2 frilled lizards (D:2)
  4 kobolds
  2 rats (D:2)
34 creatures vanquished.

Notes
Turn   | Place    | Note
-------+----------+-------------------------------------------
     0 | D:1      | zeram the Gargoyle Fighter began the quest for the Orb.
     0 | D:1      | Reached XP level 1. HP: 14/14 MP: 1/1
   162 | D:1      | Reached XP level 2. HP: 18/19 MP: 2/2
   979 | D:2      | Reached XP level 3. HP: 20/23 MP: 3/3
  1088 | D:2      | Found a runed translucent door.
  1089 | D:2      | Noticed Crazy Yiuf
  1142 | D:2      | Noticed Natasha
  1147 | D:2      | Killed Natasha
  1178 | D:2      | Reached XP level 4. HP: 19/29 MP: 4/4
  1293 | D:2      | Noticed a phantom
  1293 | D:2      | Noticed Jessica
  1298 | D:2      | Killed Jessica
  1301 | D:2      | Killed a phantom
  1302 | D:2      | Reached XP level 5. HP: 18/33 MP: 5/5
  2142 | D:2      | Noticed Natasha
  2150 | D:2      | Killed Natasha
  2450 | D:2      | Gained mutation: You are weak. (Str -2) [potion of
                  | mutation]
  2450 | D:2      | Gained mutation: You are robust. (+10% HP) [potion of
                  | mutation]
  2450 | D:2      | Gained mutation: You are strong-willed. (Will+) [potion of
                  | mutation]
  2457 | D:2      | Slain by Crazy Yiuf

Illustrated notes

Levels and vault maps discovered:
D:1:      eino_arrival_cavern_d, layout_basic
D:2:      layout_loops_cross, amcnicky_mini_corridor_feature, uniq_jessica,
          uniq_natasha, uniq_crazy_yiuf_cottage

Skill      XL: |  1  2  3  4  5 |
---------------+----------------+-----
Armour         | 4 |  4.3
Maces & Flails | 3 4 |  4.2
Fighting       | 4 |  4.1
Dodging        | |  0.1
Shields        | |  3.8

Action                   |  1- 3 |  4- 6 || total
-------------------------+-------+-------++-------
Melee: Flail             |    54 |    56 ||   110
  Use: Scroll            |     1 |     3 ||     4
       Potion            |       |     3 ||     3
Armor: Scale mail        |    36 |    21 ||    57
Dodge: Dodged            |    32 |    20 ||    52
Block: Buckler           |     9 |    12 ||    21
